 Dungeon Crawl Stone Soup version 0.28-a0-1236-gb25a51b929 (webtiles) character file.

Game seed: 3442492791669719327

52 croobank the Magician (level 3, -2/24 HPs)
             Began as a Mummy Air Elementalist on Dec 25, 2021.
             Slain by a worm (8 damage)
             ... on level 2 of the Dungeon.
             The game lasted 00:12:27 (2456 turns).

croobank the Magician (Mummy Air Elementalist)      Turns: 2456, Time: 00:12:28

Health: -2/24      AC:  5    Str: 11    XL:     3   Next: 60%
Magic:  1/7        EV: 12    Int: 16    God:
Gold:   117        SH:  0    Dex: 12    Spells: 2/8 levels left

rFire   x . .      SeeInvis .   d - +0 dagger (freeze)
rCold   + . .      Faith    .   (no shield)
rNeg    + + +      Spirit   .   a - +0 robe
rPois   ∞          Reflect  .   (no helmet)
rElec   .          Harm     .   (no cloak)
rCorr   .          Rampage  .   (no gloves)
Will    .....                   i - +2 pair of boots
Stlth   ++........              (no amulet)
HPRegen 0.08/turn               (no ring)
MPRegen 0.10/turn               (no ring)

@: no status effects
A: cold resistance 1, negative energy resistance 3, torment resistance 2, heat
vulnerability 1, no potions
a: no special abilities


You were on level 2 of the Dungeon.
You visited 1 branch of the dungeon, and saw 2 of its levels.

You collected 117 gold pieces.

Inventory:

Hand Weapons
 d - a +0 dagger of freezing (weapon)
 h - a +0 flail
 j - a +0 great sword
 m - a +0 whip
Missiles
 c - 69 stones
 f - 22 arrows
 g - 2 atropa-tipped darts
 k - 6 boomerangs
Armour
 a - a +0 robe (worn)
 b - a +0 leather armour
 e - a +0 tower shield
 i - a +2 pair of boots (worn)
Scrolls
 l - a scroll of holy word {unknown}


   Skills:
 + Level 0.0 Long Blades
 + Level 2.0 Dodging
 + Level 2.0 Stealth
 + Level 0.5 Shields
 + Level 3.1 Spellcasting
 + Level 1.3 Conjurations
 + Level 2.7 Air Magic


You had 2 spell levels left.
You knew the following spells:

 Your Spells              Type           Power      Damage    Failure   Level
a - Shock                 Conj/Air       36%        1d5       8%          1
b - Static Discharge      Conj/Air       9%         N/A       12%         2
c - Swiftness             Air            11%        N/A       19%         3

Your spell library contained the following spells:

 Spells                   Type           Power      Damage    Failure   Level
 Airstrike                Air            5%         N/A       52%         4


Dungeon Overview and Level Annotations

Branches:
Dungeon (2/15)

Altars:

Shops:
D:1 (


Innate Abilities, Weirdness & Mutations

You are immune to poison.
Your flesh is cold resistant. (rC+)
You are immune to negative energy. (rN+++)
You are immune to unholy pain and torment.
You are vulnerable to heat. (rF-)
You do not drink.


Message History

Aiming: Shock (safe; 8% risk of failure)
Press: ? - help, Shift-Dir - straight line, f/p - worm
Aim: a worm (heavily wounded, 89% to hit)
The zap hits the worm.
The worm is heavily wounded.
The worm closely misses you.
You hit the worm but do no damage.
The worm is heavily wounded.
You hit the worm but do no damage.
The worm is heavily wounded.
The worm bites you.
You hit the worm. You freeze the worm.
The worm is severely wounded.
The worm bites you!
You hit the worm but do no damage.
The worm is heavily wounded.
Your magical contamination has completely faded away.
You hit the worm but do no damage.
The worm is heavily wounded.
The worm barely misses you.
You hit the worm but do no damage.
The worm is heavily wounded.
You hit the worm. You freeze the worm.
The worm is severely wounded.
The worm bites you!
* * * LOW HITPOINT WARNING * * *
There is a stone staircase leading up here.
You start resting.
A worm is nearby!
Casting: Shock (safe; 8% risk of failure)
Confirm with . or Enter, or press ? or * to list all spells.
The worm is struck by an arc of lightning.
The worm is moderately wounded.
The lightning grounds out.
Casting: Static Discharge (safe; 12% risk of failure)
Confirm with . or Enter, or press ? or * to list all spells.
The worm is struck by an arc of lightning.
The worm is heavily wounded.
The lightning grounds out.
The worm bites you!
You die...

.......###..########### ### ###..
........##.........# #.#
........##.....>...# ##.#
..................># #..#
......#####....######### #.##
......#####...####.....## ##.#
.......##.....###.......#####..#
..........##...#..............##
.......##....#.#@........######
.............#.w.........#
.....)........##.........#
.......##...####.........#
.......#8...8#...........#
.##....##...####.........########
.###...##...# #................#
..####.##...## #.........######.#
..# ##.#8...8# #...........#....#


You could see a worm.

Vanquished Creatures
  2 worms (D:2)
  A dart slug (D:1)
  6 endoplasms
  A giant cockroach (D:1)
  2 hobgoblins
  8 jackals
  3 ball pythons
  5 bats
  A frilled lizard (D:2)
  3 goblins
  4 kobolds
  3 rats
39 creatures vanquished.

Notes
Turn   | Place    | Note
-------+----------+-------------------------------------------
     0 | D:1      | croobank the Mummy Air Elementalist began the quest for the
                  | Orb.
     0 | D:1      | Reached XP level 1. HP: 13/13 MP: 4/4
   329 | D:1      | Reached skill level 1 in Conjurations
   331 | D:1      | Reached XP level 2. HP: 12/19 MP: 0/5
   595 | D:1      | Learned a level 2 spell: Static Discharge
   790 | D:1      | Found Qobiac's Weapon Shop.
   805 | D:1      | Reached skill level 3 in Spellcasting
  1431 | D:2      | Found Wenai's Armour Shop.
  1627 | D:2      | Reached XP level 3. HP: 21/24 MP: 0/7
  1698 | D:2      | Learned a level 3 spell: Swiftness
  2456 | D:2      | Slain by a worm

Illustrated notes

Levels and vault maps discovered:
D:1:      minmay_arrival_hallway, layout_loops_ring, serial_shops,
          nicolae_square_shop
D:2:      layout_rooms, serial_corexii_hall, chequers_hall_statues_wall_a,
          chequers_hall_statues_corner_a, corexii_hall_statues_u,
          chequers_hall_statues_corner_a, corexii_hall_statues_deadend,
          corexii_hall_statues_t, chequers_ecumenical_altar_lobes, serial_shops,
          nicolae_diamond_shop, minmay_pentomino_u4

Skill      XL: |  1  2  3 |
---------------+----------+-----
Conjurations   | 1 |  1.3
Spellcasting   | 3 |  3.1
Stealth        | 2 |  2.0
Dodging        | 2 |  2.0
Shields        | |  0.5
Air Magic      | |  2.7

Action                   || total
-------------------------++-------
Melee: Dagger            ||    78
       Unarmed           ||     5
 Cast: Shock             ||    30
       Static Discharge  ||    31
  Use: Scroll            ||     4
Armor: Robe              ||    31
Dodge: Dodged            ||    75

Table legend: (Time is in decaauts)
 A = Elapsed time spent in this place.
 B = Non-inter-level travel time spent in this place.
 C = Inter-level travel time spent in this place.
 D = Time resting spent in this place.
 E = Time spent auto-exploring this place.
 F = Levels seen in this place.
 G = Mean time per level.
                   A        B        C        D        E       F      G
               +--------+--------+--------+--------+--------+-----+--------+
         Total |   2455 |   2425 |     30 |    635 |   1321 |   2 | 1227.5 |
       Dungeon |   2455 |   2425 |     30 |    635 |   1321 |   2 | 1227.5 |
               +--------+--------+--------+--------+--------+-----+--------+

Top non-repeatable levels by time:
     D:1: 1424 daAuts
     D:2: 1030 daAuts
